 Dungeon Crawl Stone Soup version 0.22.1-1-ga44c0e5 (webtiles) character file.

1356 dohliylev the Nimble (level 8, 0/52 HPs)
             Began as a Vampire Enchanter on Nov 8, 2018.
             Shot with an arrow by a centaur (10 damage)
             ... on level 6 of the Dungeon.
             The game lasted 00:30:52 (6664 turns).

dohliylev the Nimble (Vampire Enchanter)            Turns: 6664, Time: 00:30:54

Health: 0/52       AC:  3    Str:  4    XL:     8   Next: 37%
Magic:  4/4        EV: 17    Int: 20    God:
Gold:   333        SH:  0    Dex: 14    Spells: 7/13 levels left

rFire    . . .     SeeInvis +   A - +9 rapier of the Turnip {antimagic, rElec rPois Str-3 Stlth-}
rCold    . . .     Gourm    .   (no shield)
rNeg     + . .     Faith    .   b - +0 robe
rPois    +         Spirit   .   (no helmet)
rElec    +         Reflect  .   (no cloak)
rCorr    .         Harm     .   e - +0 pair of gloves
MR       .....                  (no boots)
Stlth    +++.......             (no amulet)
HPRegen  0.17/turn              (no ring)
MPRegen  0.09/turn              (no ring)

@: no status effects
A: fangs 3, see invisible, unbreathing
a: Bat Form


You were on level 6 of the Dungeon.
You were not thirsty.

You visited 1 branch of the dungeon, and saw 6 of its levels.
You also visited: Sewer.

You collected 333 gold pieces.

Inventory:

Hand Weapons
 A - the +9 rapier of the Turnip (weapon) {antimagic, rElec rPois Str-3 Stlth-}
   (You found it on level 4 of the Dungeon)

   It reduces the magical energy of the wielder, and disrupts the spells and
   magical abilities of those hit.
   Natural abilities and divine invocations are not affected.
   It affects your strength (-3).
   It insulates you from electricity.
   It protects you from poison.
   It makes you less stealthy.
Armour
 b - a +0 robe (worn)
 e - a +0 pair of gloves (worn)
Wands
 a - a wand of iceblast (5)
 g - a wand of random effects (18)
Scrolls
 i - a scroll of teleportation
 o - 2 scrolls of blinking
 p - 2 scrolls of fog
 q - a scroll of enchant weapon
 t - a scroll of magic mapping {unknown}
 u - 2 scrolls of fear
 w - 2 scrolls of remove curse
 y - a scroll of enchant armour {unknown}
Potions
 c - 2 potions of invisibility {unknown}
 d - 14 potions of blood
 f - a potion of magic
 j - 3 potions of heal wounds {unknown}
 l - 2 potions of haste
 m - 3 potions of ambrosia
 n - 2 potions of flight
 r - a potion of might
 s - 2 potions of brilliance {unknown}
 v - 2 potions of curing
 z - a potion of agility {unknown}


   Skills:
 + Level 5.1 Short Blades
 + Level 8.4 Dodging
 + Level 8.1 Stealth
 - Level 3.0 Spellcasting
 - Level 5.0 Hexes


You had 7 spell levels left.
You knew the following spells:

 Your Spells              Type           Power        Failure   Level  Hunger
a - Corona                Hex            ###....      1%          1    None
b - Ensorcelled Hibernat  Hex/Ice        ##....       8%          2    ##.....
c - Confuse               Hex            ###.....     5%          3    ###....

Your spell library contained the following spells:

 Spells                   Type           Power        Failure   Level  Hunger
 Tukima's Dance           Hex            ###.....     5%          3    ###....
 Dazzling Spray           Conj/Hex       ##....       16%         3    ###....


Dungeon Overview and Level Annotations

Branches:
Dungeon (6/15)
 Temple: D:4-7

Altars:
Ashenzari
Dithmenos
Kikubaaqudgha
Trog
The Shining One

Shops:
D:4 *   D:5 :


Innate Abilities, Weirdness & Mutations

You have razor-sharp teeth.
You have supernaturally acute eyesight. (SInv)
You can survive without breathing.


Message History

The crimson imp shouts!
You hit the wight.
The wight is moderately damaged.
A wight comes into view. It is wielding a halberd.
The wight hits you with an enchanted scimitar!
You puncture the wight!
The wight is severely damaged.
The wight hits you with an enchanted scimitar!
The centaur shouts!
You hit the wight.
You destroy the wight!
The crimson imp zaps a wand.
The puff of flame hits you!
It is a wand of flame.
The now-empty wand crumbles to dust.
The centaur wields a shortbow.
The centaur shoots an arrow.
The arrow hits you!
The wight hits you from afar with a trident of freezing!
* * * LOW HITPOINT WARNING * * *
The wight freezes you.
* * * LOW HITPOINT WARNING * * *
The crimson imp blinks!
The centaur shoots an arrow.
The arrow hits you!
You die...

######..####
##....##
...........####
###..#
######..##>...####
##.###
##.#####....#
#...# #..# ####.##
#.#.# ##...# #..#
##### ##.z5 ##.##
#z.##...# #z§@...#
####....# #.....#
#......c.
#........#
#........#
#....%...#
#........#


You could see a centaur, 3 wights and a crimson imp.

Vanquished Creatures
  2 water moccasins (D:4)
  A sky beast (D:5)
  An ogre (D:6)
  2 bullfrogs (Sewer)
  A wight (D:6)
  A howler monkey (D:4)
  2 hounds (D:4)
  An orc priest (D:3)
  2 orc wizards (D:3)
  2 bullfrog skeletons (D:5)
  Jessica (D:3)
  5 worker ants
  An iguana (D:5)
  A hound skeleton (D:4)
  8 river rats
  17 adders
  A shadow imp (D:5)
  An ooze (D:6)
  An adder skeleton (D:4)
  3 worms (D:2)
  4 dart slugs
  2 leopard geckos
  11 orcs
  7 bats
  2 giant cockroaches
  8 goblins
  8 hobgoblins
  8 jackals
  2 quokkas (D:3)
  12 ball pythons
  9 frilled lizards
  3 kobolds
  35 rats
165 creatures vanquished.

Vanquished Creatures (others)
  3 plants (D:3)
3 creatures vanquished.

Grand Total: 168 creatures vanquished

Notes
Turn   | Place    | Note
-------+----------+-------------------------------------------
     0 | D:1      | dohliylev the Vampire Enchanter began the quest for the
                  | Orb.
     0 | D:1      | Reached XP level 1. HP: 13/13 MP: 3/3
   102 | D:1      | Reached skill level 5 in Stealth
   289 | D:1      | Reached XP level 2. HP: 5/19 MP: 1/5
   454 | D:1      | Learned a level 2 spell: Ensorcelled Hibernation
   576 | D:1      | You fall through a shaft!
  1177 | D:2      | Reached XP level 3. HP: 24/24 MP: 6/6
  1182 | D:2      | Learned a level 3 spell: Confuse
  1431 | D:2      | Found a bloodstained altar of Trog.
  1909 | D:2      | Reached XP level 4. HP: 30/30 MP: 7/7
  2046 | D:3      | Noticed Jessica
  2053 | D:3      | Killed Jessica
  2176 | D:3      | Reached skill level 5 in Hexes
  2242 | D:3      | Found a glowing drain.
  2247 | Sewer    | Entered a sewer
  2337 | Sewer    | Reached XP level 5. HP: 35/35 MP: 3/8
  3264 | Sewer    | Reached XP level 6. HP: 33/41 MP: 0/10
  3733 | D:3      | Found an ancient bone altar of Kikubaaqudgha.
  4236 | D:3      | HP: 1/41 [orc priest/divine providence (17)]
  4242 | D:3      | Found a shattered altar of Ashenzari.
  4516 | D:4      | Reached XP level 7. HP: 46/46 MP: 6/11
  4613 | D:4      | Found Hazin's Serpentskin Sales.
  4617 | D:4      | Reached skill level 5 in Short Blades
  4652 | D:4      | Reached skill level 5 in Dodging
  4978 | D:4      | Got a twisted rapier
  4979 | D:4      | Identified the +9 rapier of the Turnip {antimagic, rElec
                  | rPois Str-3 Stlth-} (You found it on level 4 of the
                  | Dungeon)
  5524 | D:3      | Found a shadowy altar of Dithmenos.
  5952 | D:5      | Entered Level 5 of the Dungeon
  5980 | D:5      | Reached XP level 8. HP: 50/52 MP: 4/12
  6104 | D:5      | Found a bloodstained altar of Trog.
  6105 | D:5      | Found Syorgh's Book Shop.
  6379 | D:5      | Found a bloodstained altar of Trog.
  6444 | D:5      | Found a glowing golden altar of the Shining One.
  6664 | D:6      | Shot with an arrow by a centaur

Skill      XL: |  1  2  3  4  5  6  7  8 |
---------------+-------------------------+-----
Stealth        | 5 6 7 8 |  8.1
Hexes          | 5 |  5.0
Short Blades   | 2 3 4 5 |  5.1
Spellcasting   | 3 |  3.0
Dodging        | 3 7 8 |  8.4

Action                   |  1- 3 |  4- 6 |  7- 9 || total
-------------------------+-------+-------+-------++-------
Melee: Dagger            |   113 |   176 |    11 ||   300
       Bite              |     4 |     2 |     3 ||     9
       Rapier            |       |       |   112 ||   112
 Cast: Corona            |    12 |     3 |       ||    15
       Ensorcelled Hiber |    33 |    67 |    14 ||   114
       Confuse           |     1 |     8 |       ||     9
 Abil: End Transformatio |       |       |     6 ||     6
       Bat Form          |       |       |     6 ||     6
  Use: Potion            |     4 |    16 |       ||    20
       Scroll            |       |     4 |     7 ||    11
 Stab: Sleeping          |    22 |    43 |    20 ||    85
       Confused          |       |     1 |       ||     1
  Eat: Corpse            |    11 |    11 |     2 ||    24
Armor: Robe              |    41 |    36 |    12 ||    89
       Skin              |       |    26 |       ||    26
Dodge: Dodged            |    76 |   131 |    77 ||   284
